Map: Acropolis LE

Players

cassius - Winner!

  • Race: Terran Terran
  • League: Diamond
  • Spawn Location: 11:00

pHARM

  • Race: Zerg Zerg
  • League: Platinum
  • Spawn Location: 5:00

VOD

Have the link to the VOD?

Description

Time

  • Played on: Aug. 5, 2019, 1:50 a.m.
  • Length: 8:54
Show
View Real Time Build Order
Export as new Build Order

cassius Terran - Winner!

Build Orders: Reaper Expand 

Get SALT Encoding   

  12  0:02  SCV  
  14  0:14  SCV  
  14  0:17  Supply Depot  
  14  0:26  SCV  
  15  0:39  SCV  
  15  0:41  Barracks  
  16  0:47  Refinery  
  16  0:51  SCV  
  17  1:03  SCV  
  18  1:15  SCV  
  19  1:28  Orbital Command  
  19  1:29  Reaper  
  20  1:42  Command Center  
  20  1:55  SCV  
  21  2:03  Barracks  
  21  2:07  SCV  
  22  2:14  Refinery  
  22  2:15  Supply Depot  
  22  2:17  Barracks Reactor  
  22  2:19  SCV  
  23  2:32  Factory  
  23  2:52  SCV  
  23  2:53  Marine  
  23  2:54  Marine  
  23  2:57  Barracks Tech Lab  
  26  3:04  SCV  
  26  3:05  Orbital Command  
  27  3:11  Marine  
  27  3:12  Marine  
  29  3:16  SCV  
  30  3:23  Marine  
  30  3:25  Factory Reactor  
  31  3:29  Marine x2  
  33  3:37  Starport  
  33  3:41  SCV  
  33  3:45  Bunker, Marine  
  35  3:50  Supply Depot  
  35  3:51  SCV  
  35  3:52  Marine x2  
  35  3:53  Stimpack  
  38  3:59  SCV  
  39  4:07  Marine  
  39  4:08  SCV  
  41  4:11  SCV  
  42  4:19  Marine  
  42  4:20  SCV  
  42  4:21  Supply Depot  
  44  4:24  SCV  
  44  4:25  Marine x2  
  44  4:28  Widow Mine, Medivac x2  
  53  4:32  SCV  
  53  4:38  Supply Depot  
  54  4:43  SCV, Marine x2  
  54  4:44  Marauder  
  59  4:46  SCV  
  60  4:55  SCV  
  61  5:00  Barracks  
  61  5:01  Barracks  
  61  5:03  Barracks  
  61  5:19  SCV  
  61  5:24  SCV  
  61  5:27  Supply Depot  
  62  5:28  Liberator  
  62  5:31  Marine x2  
  62  5:32  Marauder, Supply Depot  
  62  5:33  Factory Tech Lab  
  62  5:34  Medivac  
  70  5:38  SCV x2  
  70  5:42  Supply Depot  
  70  5:43  Supply Depot  
  70  5:48  Marine  
  70  5:49  Marine  
  75  5:50  SCV x2, Barracks Tech Lab  
  75  5:51  Barracks Reactor, Barracks Tech Lab  
  75  5:52  Marine  
  75  5:55  Siege Tank  
  81  5:58  Refinery  
  81  6:08  Marine  
  81  6:10  Marauder x2  
  84  6:21  Bunker  
  76  6:35  SCV  
  67  6:51  Marine  
  67  6:52  Marine x6  
  67  6:53  Siege Tank, Medivac  
  75  6:58  SCV x2  
  72  7:08  Supply Depot  
  72  7:10  SCV x2, Marauder x3, Supply Depot  
  77  7:22  SCV x2  
  77  7:31  Marine x6  
  77  7:32  Marauder, Supply Depot  
  77  7:33  Siege Tank  
  88  7:39  Refinery, SCV  
  88  7:40  SCV  
  90  7:46  Concussive Shells, Command Center  
  90  7:50  Marauder x2  
  94  7:52  SCV  
  94  7:56  Marine x5  
  100  8:02  Medivac  
  100  8:04  SCV x2  
  104  8:11  Marine, Marauder  
  107  8:15  Marine  
  107  8:16  Marine x2  
  110  8:34  Marine x3  
  108  8:49  Engineering Bay x2  
Show
View Real Time Build Order
Export as new Build Order

pHARM Zerg 

Build Orders: Hatch First 

Get SALT Encoding   

  12  0:01  Drone  
  13  0:12  Overlord  
  13  0:20  Drone  
  14  0:31  Drone x2  
  16  0:42  Drone  
  17  0:54  Hatchery  
  16  1:02  Drone x2  
  18  1:17  Spawning Pool  
  17  1:18  Drone  
  17  1:20  Drone  
  19  1:32  Drone  
  20  1:43  Drone  
  20  1:45  Extractor  
  20  1:49  Drone  
  21  2:00  Overlord  
  21  2:06  Queen x2  
  25  2:08  Zergling x2  
  26  2:26  Drone  
  26  2:27  Drone x2  
  28  2:53  Drone  
  28  2:54  Drone x4  
  33  3:00  Lair  
  33  3:01  Queen  
  33  3:03  Overlord  
  35  3:43  Drone  
  35  3:44  Drone x7  
  43  3:50  Evolution Chamber  
  43  3:52  Overlord x2  
  43  3:53  Roach Warren  
  43  3:55  Drone  
  42  3:57  Extractor  
  42  3:58  Extractor  
  40  4:15  Drone x2  
  40  4:16  Drone x5  
  47  4:29  Overlord  
  47  4:32  Glial Reconstitution  
  47  4:35  Evolution Chamber  
  46  4:38  Drone  
  46  4:39  Drone  
  46  4:41  Overlord  
  46  4:42  Roach x2  
  46  4:43  Roach x3  
  46  4:45  Zerg Missile Weapons Level 1  
  58  5:02  Roach x3  
  58  5:03  Roach x2  
  68  5:16  Roach x4  
  68  5:18  Overlord x2  
  76  5:43  Roach x6  
  88  5:51  Hatchery  
  87  5:59  Drone x4  
  89  6:11  Roach  
  89  6:12  Roach  
  87  6:20  Roach  
  87  6:25  Roach  
  53  6:48  Roach x5  
  39  6:57  Roach  
  29  7:12  Roach x7  
  43  7:31  Drone x3  
  46  7:45  Nydus Network  
  45  7:53  Roach x6  
  57  8:02  Roach  
  57  8:26  Nydus Canal  
Tags
 
Add a new tag
Caveats
  • Supply blocks, unpowered buildings, or Contaminate may cause inaccurate times.
  • Supply counts are checked every 10 seconds.